 Dungeon Crawl Stone Soup version 0.30.1-11-g7821555f0a (webtiles) character file.

Game seed: 828870790611843237

52 Eitelfritz the Poker (level 3, -1/29 HPs)
             Began as a Merfolk Gladiator on Dec 15, 2023.
             Slain by a gnoll bouda
             ... wielding a +0 whip
              (7 damage)
             ... on level 2 of the Dungeon on Dec 16, 2023.
             The game lasted 00:04:33 (1372 turns).

Eitelfritz the Poker (Merfolk Gladiator)            Turns: 1372, Time: 00:04:34

Health: -1/29      AC:  5    Str: 14    XL:     3   Next: 85%
Magic:  3/3        EV: 13    Int:  9    God:
Gold:   112        SH:  0    Dex: 15    Spells: 2/2 levels left

rFire   . . .        a - +0 trident
rCold   . . .        (no shield)
rNeg    . . .        b - +0 leather armour
rPois   .            c - +0 helmet
rElec   .            (no cloak)
rCorr   .            n - +0 pair of gloves
SInv    +            (no boots)
Will    .....        (no amulet)
Stlth   +            g - ring of see invisible
HPRegen 0.24/turn    (no ring)
MPRegen 0.08/turn

%: no passive effects
@: no status effects
A: (nimble swimmer 2), mertail
a: no special abilities


You were on level 2 of the Dungeon.
You visited 1 branch of the dungeon, and saw 3 of its levels.

You collected 112 gold pieces.

Inventory:

Hand Weapons
 a - a +0 trident (weapon)
Missiles
 d - 3 throwing nets (quivered)
 e - a javelin
Armour
 b - a +0 leather armour (worn)
 c - a +0 helmet (worn)
 n - a +0 pair of gloves (worn)
Jewellery
 g - a ring of see invisible (left hand)
Scrolls
 f - a scroll of immolation {unknown}
 j - 3 scrolls of identify {unknown}
 k - a scroll of enchant armour {unknown}
 l - a scroll of noise {unknown}
 m - a scroll of blinking {unknown}
 o - a scroll of teleportation {unknown}
Potions
 h - a potion of mutation {unknown}
 i - a potion of curing {unknown}


   Skills:
 + Level 3.0 Fighting
 + Level 4.8 Polearms
 + Level 2.1 Throwing
 + Level 0.4 Armour
 + Level 4.5 Dodging
 + Level 0.1 Stealth


You had 2 spell levels left.
You didn't know any spells.
Your spell library contained the following spells:

 Spells                   Type           Power      Damage    Failure   Level
 Apportation              Tloc           0%         N/A       45%         1
 Hailstorm                Conj/Ice       0%         3d3       83%         3
 Ice Form                 Ice/Tmut       0%         N/A       99%         4
 Alistair's Intoxication  Tmut/Pois      0%         N/A       100%        5
 Simulacrum               Ice/Necr       0%         N/A       100%        6


Dungeon Overview and Level Annotations

Branches:
Dungeon (3/15)

Altars:
Sif Muna

Shops:
D:1 [[(*


Innate Abilities, Weirdness & Mutations

((You are very nimble when in or above water. (Stealth+, EV+, Speed+++)))
Your lower body shifts to a powerful aquatic tail in water.


Message History

The gnoll bouda is moderately wounded.
The gnoll misses you. The gnoll bouda barely misses you.
You can't go up here!
The gnoll bouda closely misses you.
There is a stone staircase leading up here.
You hit the gnoll bouda.
The gnoll bouda is heavily wounded.
The gnoll bouda hits you with a +0 whip.
You closely miss the gnoll bouda.
The gnoll bouda is heavily wounded.
The gnoll bouda completely misses you.
The dart slug briefly extends its eye-stalks.
The dart slug launches a dart at you. The slug dart hits you.
The gnoll bouda hits you with a +0 whip!
You climb upwards.
There is a stone staircase leading down here.
You closely miss the gnoll bouda.
The gnoll bouda is heavily wounded.
The gnoll bouda barely misses you.
You closely miss the gnoll bouda.
The gnoll bouda is heavily wounded.
The gnoll bouda hits you but does no damage.
You barely miss the gnoll bouda.
The gnoll bouda is moderately wounded.
The gnoll bouda closely misses you.
You completely miss the gnoll bouda.
The gnoll bouda is moderately wounded.
The gnoll bouda hits you with a +0 whip.
You hit the gnoll bouda.
The gnoll bouda is severely wounded.
The gnoll bouda hits you with a +0 whip!
* * * LOW HITPOINT WARNING * * *
You hit the gnoll bouda.
The gnoll bouda is almost dead.
The gnoll bouda misses you.
You barely miss the gnoll bouda.
The gnoll bouda is almost dead.
The gnoll bouda hits you with a +0 whip!
You die...

#.......# #### #.......#
##... ##.....## #....
##.....## ###....
#.......### #......
#.........#####.###..
#.........)..........
##.....###.###.......
######...@................
#.......†g###........)....
#########...#.#####.#.#...
##..............##
#................
#..........#####.
#######.........## ##
#............>.># ###
#.############..# #..


You could see a gnoll bouda.

Vanquished Creatures
  A worm (D:2)
  3 dart slugs
  2 endoplasms (D:1)
  A giant cockroach (D:1)
  4 goblins
  4 hobgoblins
  A quokka (D:2)
  10 ball pythons
  7 bats
  3 frilled lizards
  4 kobolds
  A rat (D:1)
41 creatures vanquished.

Notes
Turn   | Place    | Note
-------+----------+-------------------------------------------
     0 | D:1      | Eitelfritz the Merfolk Gladiator began the quest for the
                  | Orb.
     0 | D:1      | Reached XP level 1. HP: 16/16 MP: 1/1
   103 | D:1      | Reached XP level 2. HP: 21/23 MP: 2/2
   282 | D:1      | Found Bocroxt's Weapon Boutique.
   294 | D:1      | Reached XP level 3. HP: 28/28 MP: 3/3
   302 | D:1      | Found Zydwoat's Antique Armour Emporium.
   329 | D:1      | Found Goraqakk's General Store.
   400 | D:1      | Found Qimaz's Antique Armour Shop.
  1257 | D:3      | Found a shimmering blue altar of Sif Muna.
  1372 | D:2      | Slain by a gnoll bouda

Illustrated notes

Levels and vault maps discovered:
D:1:      dpeg_arrival_more_subterranean_lakeside_camping, layout_rooms,
          serial_shops, shop, shop, nicolae_shop_tiny_glass, shop,
          bh_walls_and_bars
D:2:      layout_rooms, wander_ebering_terrifying_dragon_lair
D:3:      layout_basic, marbit_many_paths, biasface_ghost_orc_armoury,
          minmay_misc_feat_room, minmay_gold_behind_fungi, minmay_pentomino_pile

Skill      XL: |  1  2  3 |
---------------+----------+-----
Fighting       | 3 |  3.0
Polearms       | |  4.8
Throwing       | |  2.1
Armour         | |  0.4
Dodging        | |  4.5
Stealth        | |  0.1

Action                     || total
---------------------------++-------
  Melee: Trident           ||   140
   Stab: Sleeping          ||     3
 Armour: Leather armour    ||    28
  Dodge: Dodged            ||    89
